AoeStats
← JokaDaJesta

Black Forest

510958360Analyzed
4v4 RM · 7h ago on Oct 3, 2026· 30m 26s· 8 players
Game mode
Random Map
Map size
Large (8 player)
Population
200
Speed
Normal
Resources
Standard
Victory
Conquest
Starting age
Dark Age
Ending age
Imperial Age
RankedLock teamsTeams togetherTeam positionsShared explorationLock speedFull tech treeHidden civsTurbo modeCheats
Victory
Defeat
🇹🇷 Bulgarians · Türkiye
1452
+14
🇱🇻 Danes · Latvia
1436
+14
🇺🇸 Ethiopians · United States
1400
+16
🇳🇿 Wei · New Zealand
1391
+16
🇲🇴 Wu · Macao SAR China
1495
-19
🇹🇼 Mongols · Taiwan
1421
-16
🇮🇳 Khmer · India
1337
-13
🇳🇿 Celts · New Zealand
1333
-12
JokaDaJesta
11:09 Feudal Age
15:04 Castle Age
13:13 Double-Bit Axe
17:02 Horse Collar
23:19 Wheelbarrow
23:29 Bow Saw
24:32 Gold Mining
25:09 Heavy Plow
27:38 Loom
30:33 Imperial Age
28:31 Hand Cart
28:40 Fletching
29:03 Stone Mining
29:49 Gold Shaft Mining
29:51 Crossbowman
30:37 Thumb Ring
두도스
2:00 Loom
11:47 Feudal Age
15:43 Castle Age
18:02 Scale Mail Armor
18:54 Arson
20:17 Squires
22:37 Chain Mail Armor
monster
5:15 Loom
11:47 Feudal Age
16:39 Castle Age
17:20 Double-Bit Axe
17:19 Horse Collar
23:18 Fletching
24:39 Bodkin Arrow
26:59 Scale Barding Armor
27:04 Forging
26:55 Scale Mail Armor
29:52 Chain Barding Armor
JayJayNico
1:14 Loom
14:50 Feudal Age
19:26 Double-Bit Axe
19:49 Town Watch
20:40 Wheelbarrow
21:37 Horse Collar
30:33 Castle Age
28:29 Gold Mining
28:29 Stone Mining
29:32 Fishing Lines
1165498765132
11:16 Feudal Age
12:16 Double-Bit Axe
14:59 Castle Age
13:15 Fishing Lines
14:51 Horse Collar
16:18 Gillnets
21:35 Fletching
23:18 Demolition Ship
24:43 Loom
25:21 Bodkin Arrow
26:27 Thumb Ring
26:17 Gold Mining
31:23 Imperial Age
29:45 Padded Archer Armor
30:23 Husbandry
屁屁人
0:36 Loom
11:36 Feudal Age
12:06 Double-Bit Axe
11:44 Man-at-Arms
12:13 Arson
20:13 Fishing Lines
22:19 Horse Collar
27:15 Castle Age
29:31 Gillnets
_GeeK_
2:54 Loom
12:44 Feudal Age
18:06 Castle Age
16:38 Double-Bit Axe
17:45 Horse Collar
17:48 Fishing Lines
19:16 Bow Saw
27:52 Wheelbarrow
SoulStrider6763
2:27 Loom
14:57 Feudal Age
15:23 Double-Bit Axe
20:36 Fletching
23:11 Castle Age
22:06 Man-at-Arms
22:49 Scale Mail Armor
Connection lost

Rejoining the realm…

Still unreachable

The connection could not be restored.

Session expired

The server has moved on; the page needs a fresh start.